 Dungeon Crawl Stone Soup version 0.22-a0-445-g8c8ef71 (webtiles) character file.

364 nikopol the Firebug (level 6, -2/33 HPs)
             Began as a Deep Elf Fire Elementalist on June 2, 2018.
             Was an Initiate of Vehumet.
             Slain by an orc
             ... wielding a +2 quarterstaff of crushing
              (3 damage)
             ... on level 4 of the Dungeon.
             The game lasted 00:13:06 (2780 turns).

nikopol the Firebug (Deep Elf Fire Elementalist)    Turns: 2780, Time: 00:13:07

Health: -2/33      AC:  2    Str:  5    XL:     6   Next: 39%
Magic:  3/16       EV: 14    Int: 22    God:    Vehumet [......]
Gold:   154        SH:  0    Dex: 15    Spells: 5/15 levels left

rFire    . . .     SeeInvis .   (no weapon)
rCold    . . .     Gourm    .   (no shield)
rNeg     . . .     Faith    .   w - +0 robe (curse)
rPois    .         Spirit   .   (no helmet)
rElec    .         Reflect  .   (no cloak)
rCorr    .         Harm     .   (no gloves)
MR       .....                  (no boots)
Stlth    ++........             (no amulet)
HPRegen  0.11/turn              (no ring)
MPRegen  0.15/turn              (no ring)

@: no status effects
A: no striking features
a: Renounce Religion


You were on level 4 of the Dungeon.
You worshipped Vehumet.
Vehumet was noncommittal.
You were not hungry.

You visited 2 branches of the dungeon, and saw 5 of its levels.

You collected 154 gold pieces.

Inventory:

Armour
 a - a +0 robe
 w - a cursed +0 robe (worn)
 x - a +0 buckler
Jewellery
 b - an uncursed ring of fire {unknown}
 y - an uncursed amulet of the gourmand {unknown}
Wands
 o - a wand of paralysis (18)
Scrolls
 d - 6 scrolls of remove curse {unknown}
 e - 4 scrolls of identify {unknown}
 h - a scroll of noise {unknown}
 i - a scroll of immolation {unknown}
 m - a scroll of teleportation {unknown}
 n - a scroll of enchant armour {unknown}
 p - a scroll of fear {unknown}
 r - a scroll of enchant weapon {unknown}
 u - a scroll of blinking {unknown}
Potions
 f - a potion of might {unknown}
 g - a potion of lignification {unknown}
 j - a potion of berserk rage {unknown}
 k - a potion of curing {unknown}
 l - 3 potions of heal wounds {unknown}
 q - a potion of haste {unknown}
 s - 2 potions of magic {unknown}
 v - a potion of degeneration {unknown}
Comestibles
 c - 6 rations


   Skills:
 + Level 0.3 Fighting
 + Level 3.6 Dodging
 + Level 2.9 Stealth
 + Level 5.3 Spellcasting
 + Level 3.1 Conjurations
 + Level 5.5 Fire Magic


You had 5 spell levels left.
You knew the following spells:

 Your Spells              Type           Power        Failure   Level  Hunger
a - Flame Tongue          Conj/Fire      ###..        1%          1    None
b - Throw Flame           Conj/Fire      ###...       2%          2    None
c - Conjure Flame         Conj/Fire      ###.....     4%          3    ##.....
d - Sticky Flame          Conj/Fire      ###.....     17%         4    ####...

Your spell library contained the following spells:

 Spells                   Type           Power        Failure   Level  Hunger
 Fireball                 Conj/Fire      ###.......   43%         5    #####..
 Spider Form              Tmut/Pois      #.........   28%         3    ##.....
 Blade Hands              Tmut           #.........   95%         5    #####..
 Ice Form                 Ice/Tmut       #.......     67%         4    ####...
 Sticks to Snakes         Tmut           #.......     14%         2    None
 Inner Flame              Hex/Fire       ###.....     10%         3    ##.....
 Beastly Appendage        Tmut           #.....       10%         1    None


Dungeon Overview and Level Annotations

Branches:
Dungeon (4/15)             Temple (1/1) D:4

Altars:
Ashenzari
Cheibriados
Dithmenos
Fedhas
Gozag
Kikubaaqudgha
Makhleb
Okawaru
Qazlal
Ru
Uskayaw
Vehumet
Xom
Yredelemnul

Shops:
D:4 [

Annotations:
D:4 Dowan


Message History

Confirm with . or Enter, or press ? or * to list all spells.
You don't have enough magic to cast that spell.
Unknown command.
Dowan gestures wildly while chanting.
Dowan blinks!
Dowan gestures wildly while chanting.
Dowan blinks!
Things that are here:
a short sword; a leather armour; the elf corpse of Duvessa An orc comes into view.
It is wielding a quarterstaff of crushing.
Dowan casts a spell.
Dowan blinks!
Found a stone staircase leading up.
A hippogriff comes into view.
The hippogriff screeches!
The hippogriff bites you! The hippogriff pecks you.
The hippogriff completely misses you.
The orc hits you with a quarterstaff of crushing!
* * * LOW HITPOINT WARNING * * *
You die...

.##.# .##.# .##.#
.##.# .... .##.# #
..... . ####.#####
....### #....<.H.#
#..... #.##.###.#
#.#.. # #@# #.#.#
..
##o##########.#.#
#.#
#.#....o.ยง......#
#.#
##.##########...#
#. #.#### #####
##.#.##
#..###....#
#.#######.###.#
#......##.#
#.#.........#.##
#..###.##<###.#
#.######..###
#..##...#.##.##
#......[...#


You could see a hippogriff and an orc.

Vanquished Creatures
  Duvessa (D:4)
  A scorpion (D:3)
  An orc wizard (D:3)
  An orc priest (D:4)
  A worker ant (D:4)
  The ghost of Blackrapter the Skirmisher, a weakling DrFi (D:3)
  3 adders
  2 oozes
  2 worms
  A dart slug (D:2)
  2 leopard geckos
  6 orcs
  11 bats
  6 giant cockroaches
  7 goblins
  5 hobgoblins
  8 jackals
  4 kobolds
  2 quokkas
  A ball python (D:2)
  A frilled lizard (D:3)
  3 rats
70 creatures vanquished.

Notes
Turn   | Place    | Note
-------+----------+-------------------------------------------
     0 | D:1      | nikopol the Deep Elf Fire Elementalist began the quest for the Orb.
     0 | D:1      | Reached XP level 1. HP: 10/10 MP: 6/6
   127 | D:1      | Reached XP level 2. HP: 15/15 MP: 5/8
   323 | D:1      | You fall through a shaft!
   470 | D:2      | Found an iron altar of Okawaru.
   473 | D:2      | Found a stormy altar of Qazlal.
   474 | D:2      | Found a basalt altar of Yredelemnul.
   514 | D:2      | Reached XP level 3. HP: 17/19 MP: 7/10
  1062 | D:2      | Reached XP level 4. HP: 24/24 MP: 9/12
  1437 | D:3      | Noticed Blackrapter's ghost (weakling DrFi)
  1492 | D:2      | Learned a level 2 spell: Throw Flame
  1496 | D:2      | Learned a level 3 spell: Conjure Flame
  1501 | D:2      | Learned a level 4 spell: Sticky Flame
  1561 | D:3      | Killed Blackrapter's ghost
  1966 | D:3      | Reached XP level 5. HP: 28/28 MP: 5/14
  2309 | D:4      | Found a staircase to the Ecumenical Temple.
  2317 | Temple   | Entered the Ecumenical Temple
  2467 | Temple   | Became a worshipper of Vehumet
  2506 | D:4      | Reached skill level 5 in Fire Magic
  2509 | D:4      | Reached skill level 5 in Spellcasting
  2674 | D:4      | Found Yde Usog's Antique Armour Boutique.
  2748 | D:4      | Noticed Dowan
  2749 | D:4      | Noticed Duvessa
  2760 | D:4      | Killed Duvessa
  2760 | D:4      | Reached XP level 6. HP: 33/33 MP: 3/16
  2776 | D:4      | Noticed a hippogriff
  2780 | D:4      | HP: 1/33 [orc/quarterstaff of crushing (10)]
  2780 | D:4      | Slain by an orc

Vault maps used:
D:1:      tarquinn_simple_flora_water_d, minmay_tromino_v2
D:2:      minitemple, first_ration
D:3:      serial_bayou_crossing
D:4:      minmay_temple_entry_grid, serial_shops, kennysheep_mini_moat,
          uniq_duvessa
Temple:   minmay_temple_curvy_loop

Skill      XL: |  1  2  3  4  5 |
---------------+----------------+-----
Fire Magic     | 4 5 |  5.5
Spellcasting   | 4 5 |  5.3
Conjurations   | 2 3 |  3.1
Dodging        | 3 |  3.6
Fighting       | |  0.3
Stealth        | |  2.9

Action                   |  1- 3 |  4- 6 || total
-------------------------+-------+-------++-------
Melee: Unarmed           |     1 |       ||     1
 Cast: Flame Tongue      |    61 |    84 ||   145
       Conjure Flame     |       |     5 ||     5
  Eat: Chunk             |       |     6 ||     6
Armor: Robe              |     7 |     3 ||    10
Dodge: Dodged            |    22 |    28 ||    50

Table legend:
 A = Spawn XP
 B = Non-spawn XP
 C = Spawn XP percentage of total XP
 D = Spawn monster count
 E = Non-spawn monster count
 F = Spawn count percentage of total count
 G = Total turns spent on level
                    A         B        C        D         E        F      G
               +---------+---------+-------+---------+---------+-------+---------
         Total |       0 |     521 |   0.0 |       0 |      70 |   0.0 |  2780
               +---------+---------+-------+---------+---------+-------+---------
           D:1 |       0 |      18 |   0.0 |       0 |       9 |   0.0 |   325
           D:2 |       0 |      79 |   0.0 |       0 |      26 |   0.0 |  1150
           D:3 |       0 |     190 |   0.0 |       0 |      25 |   0.0 |   826
           D:4 |       0 |     234 |   0.0 |       0 |      10 |   0.0 |   305
               +---------+---------+-------+---------+---------+-------+---------
